 Dungeon Crawl Stone Soup version 0.21.1-1-g345015f (webtiles) character file.

176 Firecrotchwizard the Skirmisher (level 5, -1/41 HPs)
             Began as a Demonspawn Gladiator on Apr 8, 2018.
             Slain by a worm (10 damage)
             ... on level 2 of the Dungeon.
             The game lasted 00:03:05 (1827 turns).

Firecrotchwizard the Skirmisher (DsGl)              Turns: 1827, Time: 00:03:06

Health: -1/41      AC:  4    Str: 14    XL:     5   Next: 30%
Magic:  0/5        EV: 15    Int:  9    God:
Gold:   85         SH:  0    Dex: 16    Spells: 4/4 levels left

rFire    . . .     SeeInvis .   a - +0 long sword
rCold    . . .     Gourm    .   (no shield)
rNeg     . . .     Faith    .   b - +0 leather armour
rPois    .         Spirit   +   c - +0 helmet
rElec    .         Reflect  .   (no cloak)
rCorr    .         Harm     .   (no gloves)
MR       .....                  (no boots)
Stlth    +.........             (no amulet)
HPRegen  0.13/turn              (no ring)
MPRegen  0.09/turn              (no ring)

@: no status effects
A: claws 1, repulsion field 1, magic shield
a: no special abilities


You were on level 2 of the Dungeon.
You were not hungry.

You visited 1 branch of the dungeon, and saw 2 of its levels.

You collected 85 gold pieces.

Inventory:

Hand Weapons
 a - a +0 long sword (weapon)
Missiles
 d - 3 throwing nets {=f, !d}
Armour
 b - a +0 leather armour (worn)
 c - a +0 helmet (worn)
Scrolls
 e - a scroll of identify {unknown}
 i - a scroll of remove curse {unknown}
 j - a scroll of immolation {unknown}
 m - a scroll of fog {unknown}
Potions
 h - a potion of agility {unknown}
Comestibles
 f - 6 rations {@e1}
 g - 2 chunks of flesh {@w0}


   Skills:
 + Level 3.5 Fighting
 - Level 3.1 Long Blades
 - Level 1.7 Throwing
 - Level 2.6 Dodging
 * Level 3.3 Unarmed Combat


You had 4 spell levels left.
You didn't know any spells.

Dungeon Overview and Level Annotations

Branches:
Dungeon (2/15)

Altars:
Kikubaaqudgha


Innate Abilities, Weirdness & Mutations

You have sharp fingernails.
You are surrounded by a mild repulsion field. (EV +2)
When hurt, damage is shared between your health and your magic reserves.


Message History

Things that are here:
a frilled lizard corpse; a rat corpse
Things that are here:
a frilled lizard corpse; a rat corpse You butcher the rat corpse.
g - 2 chunks of flesh {@w0} (gained 1)
You see here a frilled lizard corpse.
You butcher the frilled lizard corpse.
g - 3 chunks of flesh {@w0} (gained 1)
You start resting.
Some of the chunks of flesh in your inventory have rotted away.
Health restored: 41 You see here a club.
Items here: )) †††† a dagger x2; the felid corpse of Natasha; a rat corpse; a goblin corpse a jackal corpse You butcher the felid corpse of Natasha.
g - 4 chunks of flesh {@w0} (gained 2)
You butcher the rat corpse.
g - 5 chunks of flesh {@w0} (gained 1)
You butcher the goblin corpse.
g - 8 chunks of flesh {@w0} (gained 3)
You butcher the jackal corpse.
g - 11 chunks of flesh {@w0} (gained 3)
Things that are here:
a dagger x2
Things that are here:
a dagger x2
You see here a club.
An adder comes into view.
An adder is nearby!
The adder hisses angrily.
You barely miss the adder. The adder closely misses you.
You riposte.
You hit the adder but do no damage. You miss the adder.
The adder barely misses you. The adder bites you.
You take 2 damage, and have 39/41 hp.
You miss the adder. The adder closely misses you. x2
You hit the adder. The adder barely misses you.
You riposte.
You slash the adder!
You kill the adder!
No target in view!
No target in view!
No target in view!
You butcher the adder corpse.
g - 12 chunks of flesh {@w0} (gained 1)
You see here an adder skeleton. x2
Some of the chunks of flesh in your inventory have rotted away.
A bat comes into view.
The bat hits you but does no damage.
You hit the bat but do no damage. The bat hits you but does no damage.
Health restored: 41 You slash the bat!
You kill the bat!
No target in view!
You see here a stone.
Some of the chunks of flesh in your inventory have rotted away.
A kobold comes into view. It is wielding a dagger.
The kobold shouts!
Found a stone staircase leading down. 2 worms come into view.
The kobold misses you.
You hit the kobold.
You kill the kobold!
The worm moves out of view.
You see here a dagger.
The worm misses you.
You hit the worm. The worm bites you but does no damage.
You hit the worm. The worm bites you. The worm barely misses you.
You take 3 damage, and have 38/41 hp.
You hit the worm. The worm bites you!
You take 8 damage, and have 30/41 hp.
You now have 4/5 mp.
You hit the worm but do no damage. The worm barely misses you.
You riposte.
You barely miss the worm. The worm bites you!
You take 8 damage, and have 22/41 hp.
You now have 3/5 mp.
You are too injured to fight recklessly!
You are too injured to fight recklessly!
You see here a dagger.
Some of the chunks of flesh in your inventory have rotted away.
There is a stone staircase leading up, spattered with blood here.
You see here a stone.
You start resting.
MP restored: 5 You slash the worm!
The worm bites you.
You take 3 damage, and have 23/41 hp.
You now have 4/5 mp.
You hit the worm. You hit the worm.
You kill the worm!
You slash the worm! The worm bites you.
You take 5 damage, and have 18/41 hp.
You now have 3/5 mp.
You slash the worm! You barely miss the worm. The worm bites you!
* * * LOW HITPOINT WARNING * * *
You take 9 damage, and have 10/41 hp.
MASSIVE DAMAGE!!
You now have 1/5 mp.
You hit the worm. The worm bites you.
* * * LOW HITPOINT WARNING * * *
You take 1 damage, and have 9/41 hp.
You now have 0/5 mp.
You hit the worm but do no damage. The worm bites you!
You die...

# #...........######...... #
#####.##..#.###.........#..#
######...#.##..#.###.#..........#
..............................h..
..........).......(........g.....
##########.#.#.#...#.#..##.#.####
# #.............#..##...# # #
#.#.......#####.......# #
#)#.#####@# #...##.## # ##)#.#
#w# #...##..# #######....# #<#
#...###.# #.....#..#.#
#.#####...###.#
#.....#....#####..............
#...[..........................
#.<...#.##.......(............#
#.....#.##.......#####...####
#######..........# #...#


You could see a worm.

Vanquished Creatures
  A vampire bat (D:2)
  Natasha (D:2)
  4 adders (D:2)
  2 oozes
  2 worms (D:2)
  A dart slug (D:1)
  A ball python (D:1)
  3 bats
  5 bat skeletons (D:2)
  2 bat zombies (D:2)
  4 goblins
  6 hobgoblins
  10 jackals
  2 frilled lizards (D:2)
  6 kobolds
  6 rats
56 creatures vanquished.

Notes
Turn   | Place    | Note
-------+----------+-------------------------------------------
     0 | D:1      | Firecrotchwizard the Demonspawn Gladiator began the quest for the Orb.
     0 | D:1      | Reached XP level 1. HP: 16/16 MP: 1/1
   131 | D:1      | Reached skill level 3 in Long Blades
   146 | D:1      | Gained mutation: You have sharp fingernails. [demonic ancestry]
   146 | D:1      | Reached XP level 2. HP: 22/22 MP: 2/2
   374 | D:1      | Reached skill level 1 in Unarmed Combat
   389 | D:1      | Gained mutation: When hurt, damage is shared between your health and your magic reserves. [demonic ancestry]
   389 | D:1      | Reached XP level 3. HP: 12/28 MP: 3/3
   769 | D:2      | HP: 7/28 [poisoned by an adder]
  1177 | D:2      | Found an ancient bone altar of Kikubaaqudgha.
  1184 | D:2      | Reached skill level 2 in Unarmed Combat
  1196 | D:2      | Reached skill level 3 in Fighting
  1196 | D:2      | Reached XP level 4. HP: 24/35 MP: 4/4
  1499 | D:2      | Noticed Natasha
  1510 | D:2      | Reached skill level 3 in Unarmed Combat
  1555 | D:2      | Killed Natasha
  1555 | D:2      | Gained mutation: You are surrounded by a mild repulsion field. (EV +2) [demonic ancestry]
  1555 | D:2      | Reached XP level 5. HP: 26/41 MP: 5/5
  1825 | D:2      | HP: 10/41 [worm (9)]
  1827 | D:2      | Slain by a worm

Skill      XL: |  1  2  3  4 |
---------------+-------------+-----
Long Blades    | 3 |  3.1
Unarmed Combat | 1 2 3 |  3.3
Fighting       | 3 |  3.5
Throwing       | |  1.7
Dodging        | |  2.6

Action                   |  1- 3 |  4- 6 || total
-------------------------+-------+-------++-------
Melee: Long sword        |   105 |    73 ||   178
       Punch             |       |     1 ||     1
  Use: Potion            |       |     3 ||     3
 Stab: Sleeping          |     1 |     1 ||     2
       Distracted        |     1 |       ||     1
  Eat: Chunk             |     1 |     2 ||     3
Armor: Leather armour    |    48 |    14 ||    62
       Skin              |       |     8 ||     8
Dodge: Dodged            |    82 |    48 ||   130
       Rpst.: Long sword |    24 |    14 ||    38

Vault maps used:
D:1:      saegor_arrival_simple_c
D:2:      overflow_temple_1_default, kennysheep_vampire_church, first_ration,
          trog_butcher_becter, uniq_natasha

Table legend:
 A = Turns spent in this place as a percentage of turns spent in the entire game.
 B = Non-inter-level travel turns spent in this place as a percentage of non-inter-level travel turns spent in the entire game.
 C = Inter-level travel turns spent in this place as a percentage of turns spent in this place.
 D = Turns resting spent in this place as a percentage of non-inter-level travel turns spent in this place.
 E = Turns spent auto-exploring this place as a percentage of non-inter-level travel turns spent in this place.
 F = Non-inter-level travel turns spent in this place divided by the number of levels of this place that you've seen.
                   A       B       C       D       E      F
               +-------+-------+-------+-------+-------+----------------------
         Total | 100.0 | 100.0 |   1.6 |  45.8 |  32.8 | 899.0
       Dungeon | 100.0 | 100.0 |   1.6 |  45.8 |  32.8 | 899.0
               +-------+-------+-------+-------+-------+----------------------

Table legend:
 A = Kills in this place as a percentage of kills in entire the game.
 B = Kills by you in this place as a percentage of kills by you in the entire game.
 C = Kills by friends in this place as a percentage of kills by friends in the entire game.
 D = Other kills in this place as a percentage of other kills in the entire game.
 E = Experience gained in this place as a percentage of experience gained in the entire game.
 F = Experience gained in this place divided by the number of levels of this place that you have seen.
                   A       B       C       D       E      F
               +-------+-------+-------+-------+-------+----------------------
         Total | 100.0 | 100.0 |   N/A |   N/A | 100.0 | 126.0
       Dungeon | 100.0 | 100.0 |   N/A |   N/A | 100.0 | 126.0
               +-------+-------+-------+-------+-------+----------------------
